 Dungeon Crawl Stone Soup version 0.20.1-1-g8b1a95d (webtiles) character file.

33896 ninurtach the Severer (level 13, -3/113 HPs)
             Began as a Minotaur Fighter on Nov 25, 2017.
             Was a High Priest of Okawaru.
             Slain by a 13-headed hydra (4 damage)
             ... on level 4 of the Lair of Beasts.
             The game lasted 00:38:13 (15560 turns).

ninurtach the Severer (Minotaur Fighter)           Turns: 15560, Time: 00:38:13

Health: -3/113     AC: 14    Str: 24    XL:     13   Next: 39%
Magic:  17/17      EV: 19    Int:  5    God:    Okawaru [*****.]
Gold:   734        SH:  0    Dex: 14    Spells: 10/12 levels left

rFire    . . .     SeeInvis +   a - +0 battleaxe
rCold    . . .     Gourm    .   (shield currently unavailable)
rNeg     . . .     Faith    .   T - +1 ring mail {rPois}
rPois    +         Spirit   .   K - +2 hat
rElec    .         Reflect  .   g - +0 cloak
rCorr    .         Harm     .   D - +0 pair of gloves
MR       .....     Clarity  +   d - +0 pair of boots
Stlth    +.........             l - amulet of regeneration
Regen    0.7/turn               I - +2 ring of evasion
MPRegen  0.2/turn               P - ring of see invisible

@: no status effects
A: retaliatory headbutt, horns 2, talons 1, clarity, strong 1
a: Heroism, Finesse, Renounce Religion


You were on level 4 of the Lair of Beasts.
You worshipped Okawaru.
Okawaru was extremely pleased with you.
You were not hungry.

You visited 2 branches of the dungeon, and saw 15 of its levels.

You collected 734 gold pieces.

Inventory:

Hand Weapons
 a - a +0 battleaxe (weapon)
Armour
 d - a +0 pair of boots (worn)
 g - a +0 cloak (worn)
 D - a +0 pair of gloves (worn)
 K - a +2 hat (worn)
 T - a +1 ring mail of poison resistance (worn)
 V - a +0 ring mail of fire resistance
Jewellery
 l - an amulet of regeneration (around neck)
 r - an uncursed ring of ice
 B - an uncursed ring of magical power
 I - a +2 ring of evasion (left hand)
 P - a ring of see invisible (right hand)
Wands
 p - a wand of confusion (23/48)
 s - a wand of clouds (3/9)
 t - a wand of confusion (22/48)
 C - a wand of enslavement (7/24)
 G - a wand of iceblast (8/15)
 J - a wand of lightning (4/15)
 M - a wand of enslavement (13/24)
 X - a wand of acid (6/15)
 Y - a wand of paralysis (8/24)
 Z - a wand of paralysis (12/24)
Scrolls
 h - a scroll of recharging
 j - 6 scrolls of remove curse
 m - 2 scrolls of blinking
 u - a scroll of noise {unknown}
 v - 3 scrolls of amnesia
 y - 2 scrolls of fog {unknown}
 E - a scroll of acquirement {unknown}
 L - 3 scrolls of enchant weapon {unknown}
 S - a scroll of fear {unknown}
 U - 2 scrolls of magic mapping {unknown}
 W - 2 scrolls of teleportation {unknown}
Potions
 b - 2 potions of agility
 e - 2 potions of flight
 i - 8 potions of curing
 k - a potion of heal wounds
 x - a potion of magic
 z - 3 potions of might
 A - 3 potions of cancellation
 F - a potion of resistance {unknown}
 H - a potion of berserk rage {unknown}
 N - 2 potions of degeneration {unknown}
 Q - a potion of haste {unknown}
 R - a potion of lignification {unknown}
Books
 n - a book of Conjurations

   Spells                             Type                      Level
   a - Magic Dart                     Conjuration                  1
   b - Searing Ray                    Conjuration                  2
   c - Dazzling Spray                 Conjuration/Hexes            3
   d - Fulminant Prism                Conjuration/Hexes            4
   e - Force Lance                    Conjuration/Translocation    4
   f - Iskenderun's Mystic Blast      Conjuration                  4
Miscellaneous
 O - a box of beasts
Comestibles
 c - a chunk of flesh
 f - 9 bread rations
 o - 12 fruits
 q - 10 royal jellies
 w - 5 meat rations


   Skills:
 - Level 10.2 Fighting
 + Level 17.0 Axes
 - Level 10.2 Armour
 - Level 10.1 Dodging
   Level 3.6 Shields
 - Level 5.3 Translocations
 - Level 7.0 Invocations


You had 10 spell levels left.
You knew the following spells:

 Your Spells              Type           Power        Failure   Level  Hunger
a - Blink                 Tloc           N/A          13%         2    ###....


Dungeon Overview and Level Annotations

Branches:
Dungeon (11/15)            Temple (0/1) D:6            Lair (4/6) D:10
  Swamp (0/4) Lair:2        Snake (0/4) Lair:2
    Orc: D:9-12

Altars:
Ashenzari
Cheibriados
Dithmenos
Gozag
Okawaru
Qazlal
Zin


Innate Abilities, Weirdness & Mutations

You reflexively headbutt those who attack you in melee.
You have a pair of horns on your head.
You have sharp toenails.
You possess an exceptional clarity of mind.
Your muscles are strong. (Str +2)


Message History

The 11-headed hydra appears confused.
Evoking this partially-identified wand wasted a few charges.
Spoiler Alert: The 11-headed hydra (confused) can hit for high damage in melee!
You catch the helpless 11-headed hydra completely off-guard!
You lop one of the 11-headed hydra's heads off!
The ten-headed hydra grows two more!
You slash the 12-headed hydra! You headbutt the 12-headed hydra.
Spoiler Alert: The 12-headed hydra (confused) can hit for high damage in melee!
You chop one of the 12-headed hydra's heads off!
The 11-headed hydra grows two more!
You hit the 13-headed hydra. You headbutt the 13-headed hydra!
The 13-headed hydra bites you!
* * * LOW HITPOINT WARNING * * *
The 13-headed hydra bites you.
* * * LOW HITPOINT WARNING * * *
The 13-headed hydra misses you. The 13-headed hydra bites you!
* * * LOW HITPOINT WARNING * * *
The 13-headed hydra barely misses you. The 13-headed hydra bites you!
* * * LOW HITPOINT WARNING * * *
The 13-headed hydra bites you.
You die...

..........# #........#
.....[....##
#.......####
...........###..........
.............'..........
............##.......##
..........####........#
..........## #.......##
...........###.......#
..........###...@....#
..........####..D....#
.."....>...# #..<....#
###)##^##### #########
######


You could see a 13-headed hydra (confused).

Vanquished Creatures
  The ghost of Lovchig the Cleaver, a journeyman DDFi of the Shining One (D:11)
  Fannar (D:10)
  2 hydras
  A satyr (Lair:1)
  3 two-headed ogres
  10 death yaks
  The ghost of baljet the Spear-Bearer, a novice MfIE (D:8)
  An unseen horror (D:11)
  A swamp dragon (Lair:2)
  2 cyclopes (D:11)
  An elephant (Lair:3)
  Maurice (D:10)
  A black mamba (Lair:1)
  9 spiny frogs
  A rime drake (Lair:4)
  2 komodo dragons (Lair:1)
  2 trolls
  2 hornets
  9 hippogriffs
  4 blink frogs (Lair:4)
  A dream sheep (Lair:3)
  Sigmund (D:5)
  13 yaks
  2 wyverns (Lair:4)
  Grum (D:10)
  4 basilisks
  A steam dragon (D:8)
  2 hungry ghosts
  Menkaure (D:5)
  2 nagas (Lair:2)
  A soldier ant (D:8)
  3 water moccasins
  9 porcupines
  An orc warrior (D:10)
  An eye of draining (D:11)
  4 ice beasts
  4 sky beasts
  2 black bears
  5 ogres
  5 phantoms
  14 wolves
  7 centaurs
  7 crocodiles
  A big kobold (D:9)
  11 bullfrogs
  2 gnoll sergeants
  A scorpion (D:10)
  3 killer bees (D:10)
  3 electric eels
  A centaur zombie (D:8)
  6 crimson imps
  10 orc wizards
  8 hounds
  3 jellies
  2 bullfrog zombies
  6 orc priests
  3 centaur skeletons
  A bullfrog skeleton (D:5)
  Ijyb (D:5)
  3 iguanas
  5 worker ants
  A killer bee zombie (D:9)
  A worker ant zombie (D:11)
  15 adders
  16 gnolls
  4 shadow imps
  4 oozes
  An adder zombie (D:8)
  An adder skeleton (D:4)
  3 worms
  7 dart slugs
  7 leopard geckos
  39 orcs
  8 bats
  7 giant cockroaches
  9 hobgoblins
  3 jackals (D:7)
  5 quokkas
  A ball python (D:2)
  11 frilled lizards
  4 goblins
  12 kobolds
  2 leopard gecko skeletons (D:7)
  A quokka zombie (D:9)
  8 rats
  A plant (Lair:2)
387 creatures vanquished.

Vanquished Creatures (others)
  An iguana (Lair:2)
  An orc wizard (D:8)
  An orc (D:10)
  4 fungi
  5 plants
12 creatures vanquished.

Grand Total: 399 creatures vanquished

Notes
Turn   | Place    | Note
-------+----------+-------------------------------------------
     0 | D:1      | ninurtach the Minotaur Fighter began the quest for the Orb.
     0 | D:1      | Reached XP level 1. HP: 19/19 MP: 0/0
    44 | D:1      | Reached skill level 3 in Axes
   288 | D:1      | Reached XP level 2. HP: 26/26 MP: 1/1
   484 | D:1      | Reached skill level 4 in Axes
   544 | D:1      | Reached XP level 3. HP: 31/31 MP: 2/2
  1012 | D:2      | Reached skill level 5 in Axes
  1072 | D:2      | Reached XP level 4. HP: 39/39 MP: 3/3
  1294 | D:2      | Found a glowing silver altar of Zin.
  1297 | D:2      | Found an opulent altar of Gozag.
  1298 | D:2      | Found an iron altar of Okawaru.
  1298 | D:2      | Found a snail-covered altar of Cheibriados.
  1313 | D:2      | Became a worshipper of Warmaster Okawaru
  2038 | D:3      | Reached skill level 6 in Axes
  2145 | D:3      | Reached XP level 5. HP: 45/45 MP: 4/4
  2578 | D:3      | Found a stormy altar of Qazlal.
  2912 | D:4      | Reached skill level 7 in Axes
  3136 | D:4      | Reached XP level 6. HP: 40/51 MP: 5/5
  3203 | D:4      | Reached skill level 8 in Axes
  3613 | D:4      | Found a shadowy altar of Dithmenos.
  3752 | D:4      | Reached * piety under Okawaru
  3752 | D:4      | Reached skill level 9 in Axes
  3989 | D:5      | Entered Level 5 of the Dungeon
  4009 | D:5      | Noticed Menkaure
  4017 | D:5      | Killed Menkaure
  4017 | D:5      | Reached XP level 7. HP: 46/57 MP: 6/6
  4031 | D:5      | Reached skill level 10 in Axes
  4038 | D:5      | Learned a level 2 spell: Blink
  4135 | D:5      | Noticed Ijyb
  4153 | D:5      | Killed Ijyb
  4204 | D:5      | Reached ** piety under Okawaru
  4309 | D:5      | Reached skill level 5 in Armour
  4336 | D:5      | Reached skill level 5 in Fighting
  4336 | D:5      | Reached XP level 8. HP: 66/68 MP: 7/7
  4709 | D:5      | Reached skill level 1 in Translocations
  4740 | D:5      | Noticed Sigmund
  4755 | D:5      | Killed Sigmund
  5282 | D:6      | Gained mutation: You have sharp toenails. [potion of mutation]
  5282 | D:6      | Gained mutation: You possess an exceptional clarity of mind. [potion of mutation]
  5282 | D:6      | Gained mutation: Your muscles are strong. (Str +2) [potion of mutation]
  5489 | D:6      | Found a staircase to the Ecumenical Temple.
  5829 | D:6      | Reached XP level 9. HP: 61/81 MP: 8/8
  6177 | D:7      | Reached *** piety under Okawaru
  6642 | D:8      | Noticed baljet's ghost (novice MfIE)
  6694 | D:8      | Killed baljet's ghost
  6694 | D:8      | Reached **** piety under Okawaru
  6694 | D:8      | Reached skill level 10 in Fighting
  7002 | D:8      | Found an iron altar of Okawaru.
  7127 | D:8      | Reached XP level 10. HP: 88/93 MP: 9/9
  7310 | D:8      | Found a glowing silver altar of Zin.
  7626 | D:9      | Reached skill level 11 in Axes
  7746 | D:9      | Reached ***** piety under Okawaru
  7994 | D:9      | Paralysed by a hornet for 1 turns
  8340 | D:10     | Entered Level 10 of the Dungeon
  8353 | D:10     | Noticed Grum
  8360 | D:10     | Noticed Maurice
  8364 | D:10     | Killed Grum
  8364 | D:10     | Reached skill level 12 in Axes
  8413 | D:10     | Killed Maurice
  8555 | D:10     | Noticed a two-headed ogre
  8567 | D:10     | Killed a two-headed ogre
  8567 | D:10     | Reached skill level 5 in Translocations
  8868 | D:10     | Reached XP level 11. HP: 63/100 MP: 7/10
  9118 | D:10     | Found a staircase to the Lair.
  9123 | D:10     | Reached skill level 13 in Axes
  9274 | D:10     | Noticed a two-headed ogre
  9276 | D:10     | Noticed Fannar
  9285 | D:10     | Killed a two-headed ogre
  9285 | D:10     | Reached skill level 10 in Armour
  9285 | D:10     | Reached skill level 1 in Invocations
  9318 | D:10     | Killed Fannar
  9723 | D:11     | Noticed Lovchig's ghost (journeyman DDFi)
  9768 | D:11     | Killed Lovchig's ghost
  9768 | D:11     | Reached skill level 1 in Dodging
 10073 | D:11     | Reached skill level 14 in Axes
 10227 | D:11     | Noticed a two-headed ogre
 10248 | D:11     | Killed an unseen horror
 10248 | D:11     | Reached ****** piety under Okawaru
 10251 | D:11     | Killed a two-headed ogre
 10251 | D:11     | Received a gift from Okawaru
 10252 | D:11     | Got a pitted eveningstar {god gift}
 10257 | D:11     | Identified the +12 eveningstar of the Traitor {protect, *Slow Fragile rC+++ Dex+5} (Okawaru gifted it to you on level 11 of the Dungeon)
 10516 | D:11     | Found a shattered altar of Ashenzari.
 10706 | Lair:1   | Entered Level 1 of the Lair of Beasts
 10751 | Lair:1   | Reached XP level 12. HP: 74/106 MP: 14/14
 11056 | Lair:1   | Reached skill level 15 in Axes
 11067 | Lair:1   | Reached skill level 5 in Invocations
 11214 | Lair:1   | Noticed a five-headed hydra
 11232 | Lair:1   | Noticed a satyr
 11232 | Lair:1   | a five-headed hydra changed into a satyr
 11246 | Lair:1   | Killed a satyr
 11671 | Lair:1   | Received a gift from Okawaru
 11671 | Lair:1   | Reached skill level 5 in Dodging
 11991 | Lair:1   | Noticed a four-headed hydra
 12012 | Lair:1   | Killed an eight-headed hydra
 12540 | Lair:2   | Found a staircase to the Snake Pit.
 12701 | Lair:2   | Noticed a death yak
 12721 | Lair:2   | Killed a death yak
 12721 | Lair:2   | Reached skill level 16 in Axes
 12741 | Lair:2   | Noticed a five-headed hydra
 12742 | Lair:2   | Noticed a death yak
 12742 | Lair:2   | Noticed a death yak
 12742 | Lair:2   | Noticed a death yak
 12742 | Lair:2   | Noticed a death yak
 12743 | Lair:2   | Noticed a death yak
 12758 | Lair:2   | Killed a death yak
 12765 | Lair:2   | Killed a nine-headed hydra
 12779 | Lair:2   | Killed a death yak
 12781 | Lair:2   | Killed a death yak
 12796 | Lair:2   | Killed a death yak
 12800 | Lair:2   | Killed a death yak
 12867 | Lair:2   | Found a staircase to the Swamp.
 13530 | Lair:3   | Reached XP level 13. HP: 108/113 MP: 17/17
 13921 | Lair:3   | Reached skill level 17 in Axes
 15211 | Lair:4   | Received a gift from Okawaru
 15211 | Lair:4   | Reached skill level 10 in Dodging
 15560 | Lair:4   | HP: 1/113 [13-headed hydra (12)]
 15560 | Lair:4   | Slain by a 13-headed hydra

Skill      XL: |  1  2  3  4  5  6  7  8  9 10 11 12 13 |
---------------+----------------------------------------+-----
Axes           | 3 4 5 6 7 9 10 12 14 16 17 | 17.0
Fighting       | 5 8 10 | 10.2
Armour         | 5 6 8 9 10 | 10.2
Translocations | 2 4 5 |  5.3
Invocations    | 4 7 |  7.0
Dodging        | 4 7 10 | 10.1
Shields        | |  3.6

Action                   |  1- 3 |  4- 6 |  7- 9 | 10-12 | 13-15 || total
-------------------------+-------+-------+-------+-------+-------++-------
Melee: War axe           |    83 |   142 |   322 |   713 |   166 ||  1426
       Headbutt          |     6 |    28 |    66 |   182 |    48 ||   330
       Unarmed           |       |       |     2 |       |       ||     2
       Battleaxe         |       |       |       |       |    13 ||    13
Invok: Heroism           |       |     1 |     4 |    10 |     1 ||    16
       Finesse           |       |       |       |     1 |       ||     1
Evoke: Wand              |       |       |       |    11 |     3 ||    14
  Use: Potion            |       |     1 |     1 |     3 |     3 ||     8
       Scroll            |       |       |     4 |     4 |     6 ||    14
 Stab: Invisible         |       |       |       |    16 |       ||    16
       Confused          |       |       |       |     1 |     1 ||     2
  Eat: Chunk             |     1 |     9 |    10 |    13 |     5 ||    38
       Royal jelly       |       |       |       |     5 |     1 ||     6
Armor: Scale mail        |    40 |    34 |    55 |       |       ||   129
       Plate armour      |       |       |    46 |   170 |       ||   216
       Chain mail        |       |       |    32 |       |       ||    32
       Skin              |       |       |       |     1 |       ||     1
       Ring mail         |       |       |       |    86 |    57 ||   143
Dodge: Dodged            |    20 |    33 |    96 |   252 |   113 ||   514
Block: Shield            |    47 |    69 |   155 |   318 |    56 ||   645
